 Dungeon Crawl Stone Soup version 0.29.0-15-g675c0067aa (webtiles) character file.

Game seed: 987493713626999814

1841 Acheron the Covered (level 8, -2/71 HPs)
             Began as a Minotaur Berserker on Sept 11, 2022.
             Was a Priest of Trog.
             Slain by an orc warrior
             ... wielding a +1 morningstar of freezing
              (11 damage)
             ... on level 8 of the Dungeon.
             The game lasted 00:21:46 (6361 turns).

Acheron the Covered (Minotaur Berserker)            Turns: 6361, Time: 00:21:46

Health: -2/71      AC: 11    Str: 22    XL:     8   Next: 87%
Magic:  7/7        EV: 12    Int:  6    God:    Trog [***...]
Gold:   208        SH:  0    Dex: 10    Spells: 7/7 levels left

rFire   . . .      SeeInvis +   q - +4 falchion
rCold   . . .      Faith    .   (no shield)
rNeg    . . .      Spirit   .   l - +1 ring mail
rPois   .          Reflect  .   (helmet restricted)
rElec   .          Harm     .   (no cloak)
rCorr   .          Rampage  .   (no gloves)
Will    .....                   p - +2 pair of boots
Stlth   +.........              (no amulet)
HPRegen 0.21/turn               a - ring of see invisible
MPRegen 0.10/turn               (no ring)

@: no status effects
A: horns 2, retaliatory headbutt
a: Renounce Religion, Berserk, Trog's Hand


You were on level 8 of the Dungeon.
You worshipped Trog.
Trog was most pleased with you.
You visited 2 branches of the dungeon, and saw 10 of its levels.

You collected 208 gold pieces.

Inventory:

Hand Weapons
 h - a +0 whip of venom
 n - a +0 war axe
 q - a +4 falchion (weapon)
Missiles
 j - 21 poisoned darts (quivered)
 m - a curare-tipped dart
Armour
 l - a +1 ring mail (worn)
 p - a +2 pair of boots (worn)
 s - a +2 robe of cold resistance
Jewellery
 a - a ring of see invisible (left hand)
Scrolls
 g - a scroll of magic mapping
 i - 3 scrolls of noise {unknown}
 o - a scroll of enchant weapon {unknown}
 t - a scroll of blinking {unknown}
Potions
 b - a potion of attraction
 c - 3 potions of curing
 d - a potion of lignification {unknown}
 e - 2 potions of might
 f - a potion of resistance {unknown}
 k - 3 potions of cancellation {unknown}
 r - 2 potions of heal wounds {unknown}


   Skills:
 * Level 6.9 Fighting
 * Level 3.7 Long Blades
 + Level 4.2(5.2) Axes
 + Level 4.6(5.4) Maces & Flails
 * Level 1.6 Throwing
 * Level 7.6 Armour
 * Level 5.1 Dodging
 * Level 3.4 Stealth


You had 7 spell levels left.
You didn't know any spells.
Your spell library was empty.

Dungeon Overview and Level Annotations

Branches:
Dungeon (9/15)             Temple (1/1) D:6            Lair (0/5) D:8
    Orc: D:9-12

Altars:
Ashenzari
Dithmenos
Elyvilon
Fedhas
Gozag
Hepliaklqana
Makhleb
Okawaru
Qazlal
Ru
Sif Muna
Trog
Uskayaw
Vehumet
Xom
Yredelemnul
Zin

Shops:
D:2 :

Annotations:
D:3 Grinder
D:4 exclusions: downstairs and upstairs
D:5 Sigmund
D:6 2 transporters, zedlic's ghost, novice DsHu
D:7 exclusion: upstairs


Innate Abilities, Weirdness & Mutations

You have a pair of horns on your head.
You reflexively headbutt those who attack you in melee.


Message History

The orc wizard misses you.
The orc warrior hits you with a +1 morningstar of freezing!
The orc warrior freezes you. The orc warrior misses you.
The orc wizard hits you but does no damage.
You miss the orc wizard. Your headbutt misses the orc wizard.
The orc wizard is moderately wounded.
The orc wizard points at you and mumbles some strange words.
You resist with some effort. The orc warrior barely misses you.
You furiously retaliate!
You headbutt the orc warrior!
The orc warrior attacks as you move away!
The orc warrior barely misses you.
The orc wizard hits you but does no damage.
The orc wizard attacks as you move away!
The orc wizard misses you.
The orc wizard attacks as you move away!
The orc wizard hits you but does no damage.
You slash the orc wizard!
The orc wizard is almost dead.
You closely miss the orc warrior. You headbutt the orc warrior!
The orc warrior is almost dead.
You closely miss the orc warrior.
The orc warrior is almost dead.
The orc warrior hits you with a +1 morningstar of freezing!
* * * LOW HITPOINT WARNING * * *
The orc warrior freezes you.
* * * LOW HITPOINT WARNING * * *
You hit the orc warrior but do no damage.
The orc warrior is almost dead.
The orc wizard casts a spell.
The orc wizard flickers and vanishes for a moment.
The orc warrior hits you with a +1 morningstar of freezing!
* * * LOW HITPOINT WARNING * * *
The orc warrior freezes you.
* * * LOW HITPOINT WARNING * * *
You feel better. The orc warrior barely misses you.
Okay, then.
You closely miss the orc warrior.
The orc warrior is almost dead.
The orc warrior hits you with a +1 morningstar of freezing!
You die...

**#.##.#.# **,***********
*......# **###[...# ###
**#...#####.....#..#******** ..#
#...##...,.,.....#*,,,,,,,
#.######...##.##.##.#..###,,,,,,,
#.##...........#.#.......#,,,,,,,
.....?...........#........,,,,,,,
#.##...........###.....>.#,,,,,,,
#.######...##...@oo....).#,,,,,,,
..# #)..#######.......#,,,,,,,
### #...# #.......#******* #...#
#.).....#****** ##.##
##.####..,,,,,* #### #.# *.#
*,#****,** ...# #.#
*.#***,*,,,,*,, ##.#
#.########*..,,,,,,*,***, ##|####
#........######*,*,,,,*,*


You could see an orc warrior and an orc wizard (invisible).

Vanquished Creatures
  Psyche (D:8)
  A wyvern (D:7)
  A sky beast (D:6)
  2 phantoms
  2 kobold brigands
  2 bullfrogs
  2 necrophages (D:6)
  3 scorpions
  2 howler monkeys (D:7)
  3 jellies
  An orc priest (D:8)
  2 hounds
  An iguana (D:6)
  9 orc wizards
  5 adders
  A white imp (D:6)
  A dart slug (D:4)
  14 orcs
  9 ball pythons
  7 endoplasms
  3 giant cockroaches
  5 goblins
  3 hobgoblins
  3 jackals (D:3)
  3 quokkas
  5 bats
  3 frilled lizards
  15 kobolds
109 creatures vanquished.

Vanquished Creatures (others)
  A fungus (D:2)
  A plant (D:2)
2 creatures vanquished.

Grand Total: 111 creatures vanquished

Notes
Turn   | Place    | Note
-------+----------+-------------------------------------------
     0 | D:1      | Acheron the Minotaur Berserker began the quest for the Orb.
     0 | D:1      | Reached XP level 1. HP: 19/19 MP: 0/0
   134 | D:1      | Reached XP level 2. HP: 27/27 MP: 1/1
   611 | D:2      | Reached XP level 3. HP: 30/33 MP: 2/2
   688 | D:2      | Found a faded altar of an unknown god.
   834 | D:2      | Found Wiseawne's Book Boutique.
  1161 | D:3      | Noticed Grinder
  1177 | D:3      | Paralysed by Grinder for 4 turns
  1457 | D:3      | Reached skill level 1 in Stealth
  1466 | D:3      | Reached ** piety under Trog
  1544 | D:3      | Reached XP level 4. HP: 41/41 MP: 3/3
  1594 | D:3      | Found a blossoming altar of Fedhas.
  1631 | D:3      | Paralysed by Grinder for 2 turns
  1643 | D:5      | Entered Level 5 of the Dungeon
  1643 | D:5      | Noticed a necrophage
  1660 | D:4      | Found an iron altar of Okawaru.
  1669 | D:4      | Reached skill level 1 in Maces & Flails
  1875 | D:4      | Reached skill level 3 in Armour
  1948 | D:5      | Noticed Sigmund
  2150 | D:4      | Noticed a phantom
  2159 | D:4      | Reached XP level 5. HP: 39/47 MP: 4/4
  2188 | D:4      | Killed a phantom
  2189 | D:4      | Reached skill level 5 in Fighting
  2597 | D:4      | Reached skill level 4 in Armour
  2597 | D:4      | Reached XP level 6. HP: 51/56 MP: 5/5
  2889 | D:4      | You fall into a shaft and drop 3 floors!
  2903 | D:7      | Noticed a wyvern
  2903 | D:7      | Noticed an orc warrior
  2992 | D:8      | Found a burning altar of Makhleb.
  2998 | D:8      | Noticed a water moccasin
  3024 | D:8      | Noticed Psyche
  3042 | D:8      | Killed Psyche
  3043 | D:8      | Reached skill level 5 in Armour
  3043 | D:8      | Reached XP level 7. HP: 27/62 MP: 6/6
  3313 | D:6      | Found a staircase to the Ecumenical Temple.
  3387 | Temple   | Entered the Ecumenical Temple
  3925 | D:6      | Reached skill level 6 in Armour
  3943 | D:6      | Reached XP level 8. HP: 26/71 MP: 7/7
  4593 | D:6      | Noticed zedlic's ghost (novice DsHu)
  4594 | D:6      | Found a transporter.
  4594 | D:6      | Found a transporter.
  4698 | D:5      | Found a shimmering altar of Xom.
  5163 | D:6      | Reached skill level 7 in Armour
  5316 | D:6      | Reached skill level 1 in Long Blades
  5331 | D:6      | Found a radiant altar of Vehumet.
  5354 | D:6      | Found a bloodstained altar of Trog.
  5448 | D:7      | Reached skill level 1 in Throwing
  5449 | D:7      | Reached *** piety under Trog
  5762 | D:7      | Reached skill level 5 in Dodging
  5885 | D:7      | Noticed a hornet
  6359 | D:8      | HP: 3/71 [orc warrior/+1 morningstar of freezing (7)]
  6361 | D:8      | Slain by an orc warrior

Illustrated notes

Levels and vault maps discovered:
D:1:      onia_arrival_pyramid, layout_basic, hex_intersection
D:2:      layout_loops_ring, shapermc_ecumenical_altar_acropolis, serial_shops,
          nicolae_lakefront_shop
D:3:      minmay_evil_eye, layout_rooms, cheibrodos_worm_habitat,
          grunt_nemelex_the_gamble, fedhas_altar_4,
          nicolae_overflow_crystal_walls, cheibrodos_sewer_entry_bend,
          uniq_grinder
D:4:      layout_loops_ring, mainiacjoe_overflow_small_starburst,
          lemuel_zombie_altar_kikubaaqudgha, minmay_increasing_density
D:5:      layout_basic, xom_teletrap_fun, tso_altar, uniq_sigmund
D:6:      layout_cave_pools, trog_ov_bears_minmay, lemuel_doored_altar,
          minmay_temple_entry_offerings, gammafunk_ghost_smash
D:7:      layout_basic, kennysheep_generic_room_2
D:8:      layout_loops_cross, lemuel_crystal_altar, minmay_lair_entry_grove,
          uniq_psyche
D:9:      layout_basic, minmay_misc_feat_doors, kennysheep_opposing_triangles
Temple:   bh_familiar_temple

Skill      XL: |  1  2  3  4  5  6  7  8 |
---------------+-------------------------+-----
Fighting       | 4 5 6 |  6.9
Axes           | 4 |  4.2
Stealth        | 1 2 3 |  3.4
Dodging        | 3 4 5 |  5.1
Maces & Flails | 1 2 3 4 |  4.6
Armour         | 3 4 5 6 7 |  7.6
Long Blades    | 3 |  3.7
Throwing       | 1 |  1.6

Action                   |  1- 3 |  4- 6 |  7- 9 || total
-------------------------+-------+-------+-------++-------
Melee: Hand axe          |    32 |       |       ||    32
       Headbutt          |    10 |    12 |    26 ||    48
       Whip              |    51 |    63 |    71 ||   185
       Punch             |     1 |       |     3 ||     4
       Unarmed           |       |     3 |       ||     3
       Falchion          |       |       |    96 ||    96
Throw: Dart              |       |       |     4 ||     4
Invok: Berserk           |       |     1 |     1 ||     2
  Use: Scroll            |       |     9 |     2 ||    11
       Potion            |       |       |     4 ||     4
Armor: Animal skin       |    11 |       |       ||    11
       Ring mail         |    11 |    15 |    72 ||    98
Dodge: Dodged            |    54 |    22 |   105 ||   181
